Map: Dusk Towers

Players

Miszu

  • Race: Terran Terran
  • League: Master

lIlIlIlIlIlI - Winner!

  • Race: Protoss Protoss
  • League: Master

VOD

Have the link to the VOD?

Description

Time

  • Played on: Feb. 5, 2016, 6:25 p.m.
  • Length: 16:24
Show
View Real Time Build Order
Export as new Build Order

Miszu Terran 

Build Orders: Command Center First (CC), MMM Bio 

Get SALT Encoding   

  12  0:00  SCV  
  13  0:13  SCV  
  14  0:19  Supply Depot  
  14  0:25  SCV  
  15  0:40  SCV  
  16  0:52  SCV  
  17  1:00  Command Center  
  17  1:05  SCV  
  18  1:17  SCV  
  18  1:18  Barracks  
  19  1:29  SCV  
  19  1:30  Barracks  
  20  1:41  SCV  
  20  1:42  Barracks  
  21  1:55  SCV  
  22  2:06  Marine  
  22  2:07  Orbital Command  
  23  2:14  Orbital Command  
  23  2:17  Marine  
  24  2:24  Marine  
  25  2:32  SCV  
  25  2:34  Marine  
  25  2:35  Refinery  
  25  2:36  Refinery, Marine  
  28  2:40  SCV  
  28  2:42  Marine  
  30  2:44  SCV  
  30  2:50  Supply Depot  
  31  2:52  SCV  
  31  2:57  SCV  
  34  3:00  Marine  
  34  3:02  Marine  
  34  3:04  SCV  
  37  3:09  Barracks Tech Lab, SCV  
  37  3:16  Supply Depot, SCV  
  37  3:18  Marine  
  39  3:21  Marine, SCV  
  41  3:28  Marine, SCV  
  41  3:33  SCV, Stimpack  
  44  3:36  Marine  
  44  3:38  Marine  
  44  3:40  SCV  
  47  3:45  SCV  
  47  3:46  Marine  
  49  3:52  SCV  
  49  3:53  Marine  
  51  3:56  Engineering Bay  
  51  3:57  Refinery, SCV  
  51  4:00  Factory  
  53  4:05  SCV  
  53  4:08  Supply Depot  
  54  4:11  Supply Depot  
  54  4:13  Barracks Reactor, Barracks Tech Lab, SCV  
  54  4:24  Terran Infantry Weapons Level 1  
  54  4:27  Missile Turret  
  54  4:28  Missile Turret  
  54  4:29  Marauder, SCV x2  
  58  4:32  Marine  
  58  4:34  Supply Depot  
  59  4:41  SCV x2  
  59  4:45  Starport, Factory Reactor  
  61  4:51  Supply Depot  
  61  4:53  SCV x2  
  61  4:57  Supply Depot  
  63  5:01  Marine x4  
  63  5:05  SCV x2  
  68  5:07  Combat Shields  
  68  5:18  SCV  
  68  5:25  Marine, Command Center  
  70  5:29  Barracks  
  70  5:31  Barracks  
  70  5:33  Liberator x2  
  68  5:36  SCV  
  68  5:39  Refinery  
  68  5:40  Supply Depot  
  69  5:44  SCV  
  72  5:50  Marauder  
  72  5:51  SCV  
  72  5:53  Concussive Shells  
  72  5:54  Marine x2, Marauder  
  83  6:00  Supply Depot  
  83  6:02  SCV  
  82  6:13  Marauder  
  82  6:14  Marine x2, SCV  
  82  6:15  Marauder, SCV  
  82  6:17  Supply Depot  
  90  6:21  Terran Infantry Armor Level 1  
  90  6:28  Marine x2  
  90  6:31  Marine  
  90  6:32  Supply Depot  
  93  6:33  SCV  
  93  6:35  Marauder  
  93  6:38  Orbital Command  
  93  6:39  SCV  
  97  6:46  Marine, Marauder  
  100  6:47  Medivac  
  100  6:49  Medivac  
  100  6:52  Marine  
  100  6:53  Marine  
  106  6:55  Marine  
  107  7:06  Missile Turret  
  107  7:07  Orbital Command  
  107  7:10  Refinery, Liberator  
  107  7:11  Marine x2, Marauder  
  107  7:12  Refinery  
  111  7:19  Medivac  
  111  7:22  Fusion Core  
  113  7:23  SCV  
  113  7:25  Starport  
  117  7:32  SCV x2  
  117  7:35  SCV  
  120  7:40  Supply Depot  
  117  7:50  SCV x2  
  119  7:52  SCV, Liberator  
  119  7:54  Marine, Liberator  
  119  7:55  Marine x3, Marauder x2  
  131  8:03  Supply Depot x2  
  134  8:06  Starport Tech Lab  
  134  8:11  Liberator  
  134  8:12  Marine  
  134  8:13  Marine  
  134  8:16  Marauder  
  138  8:25  Supply Depot x2, Barracks Reactor, Barracks Tech Lab  
  140  8:27  Advanced Ballistics  
  141  8:35  Liberator  
  141  8:37  Liberator  
  140  8:45  Marine  
  140  8:46  Marine x4  
  145  8:54  Liberator  
  151  8:57  Missile Turret x2  
  151  9:01  Missile Turret  
  151  9:02  Supply Depot  
  150  9:03  Marine, Missile Turret  
  150  9:04  Supply Depot, Marine  
  150  9:08  Missile Turret  
  152  9:10  Marine, Missile Turret  
  152  9:12  Marine  
  152  9:15  Supply Depot  
  157  9:18  Liberator  
  157  9:20  Liberator  
  156  9:26  Marine, Marauder  
  156  9:30  Marauder  
  161  9:36  Engineering Bay, Liberator  
  161  9:37  Armory  
  167  9:39  Missile Turret  
  167  9:40  Supply Depot  
  167  9:51  Marine, Marauder  
  171  10:01  Liberator  
  171  10:03  Liberator  
  167  10:16  Marine, Marauder  
  167  10:19  Liberator  
  176  10:30  Marine x4, Marauder  
  176  10:33  Marine  
  183  10:37  Engineering Bay, Marauder  
  183  10:39  Armory  
  188  10:43  Liberator  
  188  10:46  Liberator  
  188  10:47  Marine  
  188  10:48  Marine x3, SCV  
  184  10:51  Marine x2  
  185  10:58  Marine  
  185  11:02  Liberator  
  185  11:05  Marine  
  185  11:06  Marine, Marauder  
  185  11:09  Marauder  
  176  11:16  Marine  
  176  11:17  Marauder  
  164  11:20  Marine  
  164  11:23  Marine  
  164  11:24  Marine  
  166  11:28  Marauder  
  166  11:31  Marauder  
  165  11:34  Marine  
  165  11:37  Marine  
  165  11:38  Marauder  
  168  11:41  Marine x2  
  170  11:47  SCV  
  170  11:49  Marauder, SCV  
  170  11:50  SCV  
  170  11:51  Marine x2  
  174  11:55  Marine  
  174  11:59  Marine x2, Marauder  
  177  12:15  Liberator  
  168  12:20  Liberator  
  168  12:21  Marine  
  168  12:22  Marine x5, Marauder  
  120  12:24  Liberator  
  80  12:39  Marine  
  80  12:40  Marine x5  
  80  12:43  Marine  
  93  12:57  Marine  
  93  12:58  Marine x3, Marauder  
  91  13:07  Marauder  
  91  13:08  Orbital Command  
  93  13:14  Marauder  
  93  13:15  Marine, Medivac  
  93  13:18  SCV  
  93  13:19  SCV  
  100  13:20  Medivac  
  100  13:24  Medivac  
  104  13:28  Liberator  
  104  13:30  SCV  
  104  13:31  SCV  
  104  13:34  SCV  
  107  13:43  SCV x2  
  107  13:46  Marine, Marauder, SCV  
  116  13:52  Marine x5  
  116  13:55  SCV x2  
  123  13:58  Refinery x2  
  123  14:04  Marine  
  123  14:07  Marine  
  123  14:09  Marine  
  124  14:10  Marine x4  
  129  14:19  SCV  
  129  14:22  Marine  
  129  14:23  Medivac  
  135  14:25  Marine  
  135  14:27  Marine, SCV  
  135  14:28  Marine  
  139  14:32  Marine, Command Center  
  139  14:33  Marine x2  
  140  14:39  Marine  
  140  14:40  Liberator  
  140  14:42  Liberator  
  140  14:43  Marine  
  140  14:45  Marine  
  141  14:46  Marine  
  141  14:50  Marine  
  141  14:51  Marauder  
  146  14:59  Marine  
  152  15:00  Marauder  
  152  15:01  Marauder  
  152  15:03  Marine x2  
  152  15:04  Liberator  
  159  15:08  Marine  
  156  15:22  Marine, Marauder  
  162  15:37  Marine, Marauder  
  162  15:40  Medivac  
  167  15:47  Marine  
  167  15:48  Marine x3, Marauder  
  176  15:54  Marine  
  177  15:58  Marine  
  171  16:05  Marine x3  
  171  16:06  Marine  
  173  16:11  Ghost Academy  
Show
View Real Time Build Order
Export as new Build Order

lIlIlIlIlIlI Protoss - Winner!

Build Orders: 1 Gate Expand, Blink Stalkers 

Get SALT Encoding   

  12  0:01  Probe (Chrono Boost)  
  13  0:11  Probe (Chrono Boost)  
  14  0:19  Pylon  
  14  0:22  Probe (Chrono Boost)  
  15  0:37  Gateway, Probe (Chrono Boost)  
  16  0:48  Probe (Chrono Boost)  
  17  0:58  Probe (Chrono Boost)  
  17  1:00  Assimilator  
  18  1:09  Probe (Chrono Boost)  
  19  1:18  Nexus  
  19  1:28  Cybernetics Core  
  19  1:30  Probe (Chrono Boost)  
  20  1:36  Assimilator  
  20  1:41  Probe (Chrono Boost)  
  21  1:47  Pylon  
  21  1:51  Probe (Chrono Boost)  
  22  2:02  Probe (Chrono Boost)  
  22  2:04  Warp Gate  
  22  2:05  Adept  
  25  2:12  Probe (Chrono Boost)  
  26  2:23  Probe (Chrono Boost)  
  27  2:31  Probe (Chrono Boost)  
  27  2:32  Twilight Council  
  27  2:34  Probe (Chrono Boost)  
  27  2:35  Stalker  
  31  2:41  Probe (Chrono Boost)  
  33  2:44  Probe (Chrono Boost)  
  33  2:52  Probe (Chrono Boost)  
  33  2:55  Probe (Chrono Boost)  
  35  3:02  Probe (Chrono Boost)  
  35  3:04  Blink (Chrono Boost)  
  35  3:05  Probe (Chrono Boost)  
  37  3:11  Probe  
  39  3:15  Pylon  
  39  3:16  Probe  
  41  3:22  Probe  
  41  3:25  Gateway  
  41  3:27  Gateway  
  40  3:28  Probe  
  40  3:32  Probe  
  42  3:36  Robotics Facility  
  42  3:37  Assimilator  
  42  3:41  Probe  
  43  3:43  Probe  
  44  3:53  Assimilator, Probe x2  
  44  3:54  Pylon  
  46  3:57  Pylon  
  46  4:04  Probe  
  46  4:05  Probe  
  48  4:11  Stalker  
  48  4:15  Probe  
  51  4:17  Probe  
  51  4:20  Stalker  
  51  4:21  Stalker  
  56  4:25  Observer (Chrono Boost)  
  56  4:28  Nexus  
  56  4:29  Probe  
  56  4:30  Probe  
  59  4:34  Pylon  
  59  4:36  Sentry  
  61  4:41  Probe, Resonating Glaives  
  61  4:43  Probe  
  61  4:44  Observer (Chrono Boost)  
  64  4:47  Stalker x2  
  68  4:54  Probe  
  68  4:55  Probe  
  70  5:04  Pylon  
  70  5:06  Probe  
  71  5:07  Probe  
  71  5:09  Immortal (Chrono Boost)  
  71  5:12  Pylon  
  76  5:18  Mothership Core  
  76  5:20  Probe  
  77  5:26  Sentry  
  79  5:32  Gateway, Probe  
  79  5:35  Gateway  
  80  5:39  Probe  
  80  5:40  Probe  
  86  5:43  Immortal (Chrono Boost)  
  86  5:44  Probe  
  86  5:51  Gateway, Probe  
  86  5:52  Probe  
  86  5:55  Stalker x2  
  86  5:56  Probe  
  93  5:58  Stalker  
  95  6:07  Forge  
  95  6:08  Forge  
  91  6:12  Probe x3  
  91  6:16  Pylon  
  92  6:21  Observer (Chrono Boost)  
  93  6:26  Stalker x3  
  93  6:29  Probe  
  100  6:33  Assimilator  
  100  6:34  Pylon x2  
  100  6:36  Assimilator  
  100  6:37  Warp Prism (Chrono Boost)  
  100  6:40  Pylon  
  100  6:41  Protoss Ground Armor Level 1 (Chrono Boost)  
  100  6:42  Protoss Ground Weapons Level 1 (Chrono Boost)  
  102  6:57  Stalker x2, Probe x2  
  102  6:58  Stalker x3  
  114  7:02  Stalker  
  114  7:07  Templar Archives  
  116  7:19  Immortal  
  116  7:27  Stalker x5  
  116  7:28  Stalker  
  132  7:32  Photon Cannon  
  131  7:42  Probe  
  130  7:46  Pylon  
  128  8:00  Immortal  
  132  8:06  Nexus  
  132  8:08  Pylon  
  132  8:11  Adept x2  
  136  8:14  Psionic Storm  
  136  8:16  High Templar x2  
  136  8:17  High Templar  
  142  8:20  Gateway  
  142  8:21  Gateway  
  142  8:23  Probe x2  
  144  8:28  Pylon  
  144  8:33  Gateway  
  144  8:35  Gateway  
  144  8:36  High Templar x2  
  144  8:37  Observer  
  144  8:39  Pylon  
  149  8:53  Protoss Ground Weapons Level 2 (Chrono Boost)  
  149  9:01  Protoss Ground Armor Level 2 (Chrono Boost)  
  149  9:04  Adept  
  149  9:05  Adept x3  
  149  9:09  Assimilator  
  157  9:13  Assimilator  
  157  9:14  Observer  
  157  9:17  Pylon  
  158  9:24  High Templar  
  158  9:31  Charge  
  160  9:34  Pylon  
  160  9:43  Adept x4  
  160  9:44  Adept x5  
  178  9:50  Photon Cannon  
  171  10:08  Stalker  
  171  10:09  Stalker x3  
  171  10:10  Probe  
  171  10:11  Probe x2  
  171  10:12  Probe  
  181  10:21  Stargate  
  178  10:22  High Templar  
  178  10:23  High Templar  
  178  10:26  Stalker x4  
  178  10:27  Archon  
  184  10:40  Adept x4  
  189  11:01  Adept x2  
  189  11:02  Adept x4  
  197  11:08  Phoenix  
  197  11:10  Stargate  
  192  11:21  Fleet Beacon  
  183  11:29  High Templar x2  
  183  11:30  High Templar x2  
  181  11:33  Archon  
  181  11:34  Archon  
  177  11:45  Stalker  
  177  11:46  Stalker x2  
  183  11:54  High Templar x2  
  187  11:58  Archon  
  187  11:59  High Templar  
  187  12:02  High Templar  
  187  12:06  Archon  
  105  12:27  Stalker x6  
  89  12:39  Probe x3  
  89  12:43  High Templar x4  
  98  12:48  Archon  
  98  12:49  Archon  
  98  12:50  Protoss Ground Armor Level 3 (Chrono Boost)  
  94  12:59  Probe x4  
  94  13:04  High Templar  
  100  13:11  Probe  
  102  13:15  Warp Prism, Probe  
  102  13:21  High Templar x2  
  102  13:22  High Templar  
  110  13:37  Tempest (Chrono Boost)  
  110  13:40  Oracle (Chrono Boost)  
  117  13:52  Nexus  
  117  13:54  Pylon  
  117  14:05  Probe  
  117  14:06  Probe  
  117  14:07  Probe x2  
  121  14:14  Tempest (Chrono Boost)  
  121  14:16  Probe  
  125  14:18  Probe  
  125  14:19  Probe x2  
  125  14:20  Tempest (Chrono Boost)  
  133  14:26  Probe  
  133  14:31  Probe  
  135  14:33  Probe x2  
  137  14:52  Tempest (Chrono Boost)  
  141  14:54  High Templar  
  141  14:55  High Templar x2  
  141  14:56  High Templar  
  141  14:59  Tempest (Chrono Boost)  
  153  15:03  Archon  
  153  15:04  Archon  
  153  15:09  Adept x5  
  158  15:24  Nexus  
  158  15:29  High Templar x2  
  162  15:36  Stalker x3  
  162  15:37  Zealot x4  
  162  15:41  Pylon  
  180  16:03  High Templar  
  182  16:08  Zealot x5  
  192  16:12  Zealot x3  
Tags
 
Add a new tag
Caveats
  • Supply blocks, unpowered buildings, or Contaminate may cause inaccurate times.
  • Supply counts are checked every 10 seconds.